 Dungeon Crawl Stone Soup version 0.32-a0-814-g0968bab981 (webtiles) character file.

Game seed: 13878608810929428867

191 senseless the Slasher (level 5, 0/36 HPs)
             Began as a Demonspawn Gladiator on Mar 22, 2024.
             Was a Follower of Hepliaklqana.
             Killed by divine providence
             ... invoked by an orc priest
              (12 damage)
             ... on level 3 of the Dungeon.
             The game lasted 00:06:59 (1860 turns).

senseless the Slasher (Demonspawn Gladiator)        Turns: 1860, Time: 00:07:00

Health: 0/36       AC:  9    Str: 18    XL:     5   Next: 41%
Magic:  5/5        EV: 11    Int: 11    God:    Hepliaklqana [*.....]
Gold:   113        SH:  0    Dex: 14    Spells: 4/4 levels left

rFire   . . .        a - +0 long sword
rCold   + . .        (no shield)
rNeg    . . .        j - +0 ring mail {rC+}
rPois   .            c - +0 helmet
rElec   .            (no cloak)
rCorr   .            (no gloves)
SInv    .            k - +0 pair of boots
Will    .....        (no amulet)
Stlth   +            (no ring)
HPRegen 0.26/turn    (no ring)
MPRegen 0.09/turn

%: no passive effects
@: no status effects
A: reduced essence, thin metallic scales 1, demonic magic 1, weakness stinger 1,
clever 1, strong 1
a: Renounce Religion, Recall Ancestor, Ancestor Identity


You were on level 3 of the Dungeon.
You worshipped Hepliaklqana.
Hepliaklqana was aware of your devotion.
You visited 1 branch of the dungeon, and saw 3 of its levels.

You collected 113 gold pieces.

Inventory:

Hand Weapons
 a - a +0 long sword (weapon)
Missiles
 d - 2 throwing nets (quivered)
 e - a javelin
 h - 9 poisoned darts
Armour
 b - a +0 leather armour
 c - a +0 helmet (worn)
 j - a +0 ring mail of cold resistance (worn)
 k - a +0 pair of boots (worn)
Scrolls
 g - 2 scrolls of fog
Potions
 f - a potion of curing {unknown}
 i - a potion of heal wounds


   Skills:
 * Level 3.6 Fighting
 * Level 3.8 Long Blades
 + Level 2.0 Throwing
 * Level 3.8 Dodging


You had 4 spell levels left.
You didn't know any spells.
Your spell library contained the following spells:

 Spells                   Type           Power      Damage    Failure   Level
 Apportation              Tloc           0%         N/A       54%         1


Dungeon Overview and Level Annotations

Branches:
Dungeon (3/15)

Altars:
Hepliaklqana


Innate Abilities, Weirdness & Mutations

Your life essence is reduced to manifest your ancestor. (-10% HP)
You are partially covered in thin metallic scales. (AC +2)
Spells you cast may paralyse adjacent enemies.
You have a small tail.
Your mind is acute. (Int +4, Str/Dex -1)
Your muscles are strong. (Str +4, Int/Dex -1)


Message History

You hit the orc.
You kill the orc!
Something hits you but does no damage.
The orc priest calls down the wrath of Beogh upon you.
Beogh smites you!
Your Throwing skill increases to level 2!
Unknown command.
You barely miss something. Something hits you.
You closely miss something. Something hits you.
You miss something. Something hits you.
The orc priest calls down the wrath of Beogh upon you.
Beogh smites you!
* * * LOW HITPOINT WARNING * * *
You hear some strange, mumbled words.
Something tries to affect you, but you resist.
You barely miss something.
Your tail-slap misses something.
Something hits you but does no damage.
It was a potion of heal wounds.
You feel much better.
You hit the orc.
The orc is heavily wounded.
You hear some strange, mumbled words.
You are confused.
The orc closely misses you.
Unknown command.
The orc attacks as it pursues you! The orc hits you with a +0 whip.
Something hits you but does no damage.
You closely miss something. Something hits you but does no damage.
The orc hits you but does no damage. The orc attacks as it pursues you!
The orc hits you with a +0 whip.
You feel less confused. The ball python completely misses you.
The ball python barely misses you. x3
The orc closely misses you.
The orc priest hits you but does no damage.
You are electrocuted!
The ball python attacks as it pursues you!
The ball python barely misses you. The ball python closely misses you.
The orc priest invokes the aid of Beogh against you.
Beogh smites you!
You die...
Hepliaklqana delivers you to your ancestors.

####.. #...#
#.....#.### # ..
###.# #.....#.## #
#.###........###
#.##...........#
#.##...........#
#...........#
#....†......#
#....{...)..#
#..@So......#
#....o......#
#.%.........#
#........)..# #####
###...###'###o.....
......##......)o.....
....####.....##o.....
.... #.....# ..... ..
#.....# o...


You could see an orc priest, an orc and a ball python.

Vanquished Creatures
  Natasha (twice) (D:2)
  4 adders
  A dart slug (D:1)
  A ribbon worm (D:2)
  3 orcs (D:3)
  6 ball pythons
  2 endoplasms (D:1)
  7 giant cockroaches
  3 goblins
  3 hobgoblins
  5 jackals
  6 kobolds
  3 quokkas
  5 bats
  4 frilled lizards
  3 rats
58 creatures vanquished.

Vanquished Creatures (collateral kills)
  Natasha (D:2)
  A dart slug (D:2)
  A ribbon worm (D:3)
  An orc (D:3)
  An endoplasm (D:2)
  A goblin (D:1)
  A ball python (D:2)
  A bat (D:2)
  A frilled lizard (D:3)
  A kobold (D:2)
10 creatures vanquished.

Vanquished Creatures (others)
  An ancestor (D:3)
1 creature vanquished.

Grand Total: 69 creatures vanquished

Notes
Turn   | Place    | Note
-------+----------+-------------------------------------------
     0 | D:1      | senseless the Demonspawn Gladiator began the quest for the
                  | Orb.
     0 | D:1      | Reached XP level 1. HP: 16/16 MP: 1/1
   125 | D:1      | Gained mutation: You have a small tail. [demonic ancestry]
   125 | D:1      | Reached XP level 2. HP: 18/22 MP: 2/2
   275 | D:1      | Found a faded altar of an unknown god.
   280 | D:1      | Got Plato's Teachings on Location
   281 | D:1      | Prayed at the altar of an unknown god.
   281 | D:1      | Became a worshipper of Hepliaklqana the Forgotten
   281 | D:1      | Reached * piety under Hepliaklqana
   495 | D:1      | Gained mutation: Spells you cast may paralyse adjacent
                  | enemies. [demonic ancestry]
   495 | D:1      | Reached XP level 3. HP: 24/25 MP: 3/3
   778 | D:2      | Noticed Natasha
   785 | D:2      | Killed Natasha
   826 | D:2      | Reached XP level 4. HP: 27/31 MP: 4/4
   830 | D:2      | Gained mutation: Your mind is acute. (Int +4, Str/Dex -1)
                  | [potion of mutation]
   830 | D:2      | Gained mutation: Your muscles are strong. (Str +4, Int/Dex
                  | -1) [potion of mutation]
  1191 | D:2      | Noticed Natasha
  1210 | D:2      | Killed Natasha
  1318 | D:2      | Noticed Natasha
  1328 | D:2      | Killed Natasha
  1329 | D:2      | Gained mutation: You are partially covered in thin metallic
                  | scales. (AC +2) [demonic ancestry]
  1329 | D:2      | Reached XP level 5. HP: 8/36 MP: 5/5
  1860 | D:3      | Killed from afar by an orc priest

Illustrated notes

Levels and vault maps discovered:
D:1:      dpeg_arrival_fog, layout_loops_cross,
          shapermc_ecumenical_altar_rom_forum, serial_park_tiny_pond
D:2:      layout_rooms, minmay_worlds_worst_comb, uniq_natasha
D:3:      layout_basic

Skill      XL: |  1  2  3  4  5 |
---------------+----------------+-----
Long Blades    | 3 |  3.8
Dodging        | 3 |  3.8
Fighting       | 3 |  3.6
Throwing       | 2 |  2.0

Action                     |  1- 3 |  4- 6 || total
---------------------------+-------+-------++-------
  Melee: Long sword        |    75 |   131 ||   206
         Tailslap          |     5 |    16 ||    21
  Throw: Throwing net      |     1 |     2 ||     3
 Invoke: Ancestor Identity |       |     1 ||     1
    Use: Scroll            |     1 |     3 ||     4
         Potion            |       |     2 ||     2
   Stab: Distracted        |     1 |       ||     1
         Held in net/web   |       |     1 ||     1
 Armour: Leather armour    |    29 |       ||    29
         Ring mail         |    32 |    85 ||   117
  Dodge: Dodged            |    52 |   115 ||   167

Table legend: (Time is in decaauts)
 A = Elapsed time spent in this place.
 B = Non-inter-level travel time spent in this place.
 C = Inter-level travel time spent in this place.
 D = Time resting spent in this place.
 E = Time spent auto-exploring this place.
 F = Levels seen in this place.
 G = Mean time per level.
                   A        B        C        D        E       F      G
               +--------+--------+--------+--------+--------+-----+--------+
         Total |   1906 |   1821 |     85 |     55 |   1274 |   3 |  635.3 |
       Dungeon |   1906 |   1821 |     85 |     55 |   1274 |   3 |  635.3 |
               +--------+--------+--------+--------+--------+-----+--------+

Top non-repeatable levels by time:
     D:2: 907 daAuts
     D:1: 764 daAuts
     D:3: 234 daAuts
